 Dungeon Crawl Stone Soup version 0.31-a0-1068-g5939ac1fb6 (webtiles) character file.

Game seed: 5924833742950372991

7 kae the Vexing (level 1, -1/14 HPs)
             Began as a Demonspawn Enchanter on Nov 24, 2023.
             Slain by a gnoll
             ... wielding a +0 spear
              (4 damage)
             ... on level 1 of the Dungeon.
             The game lasted 00:00:12 (301 turns).

kae the Vexing (Demonspawn Enchanter)                Turns: 301, Time: 00:00:13

Health: -1/14      AC:  2    Str:  8    XL:     1   Next: 91%
Magic:  3/3        EV: 12    Int: 16    God:
Gold:   0          SH:  0    Dex: 13    Spells: 4/4 levels left

rFire   . . .        a - +1 dagger
rCold   . . .        (no shield)
rNeg    . . .        b - +0 robe
rPois   .            (no helmet)
rElec   .            (no cloak)
rCorr   .            (no gloves)
SInv    .            (no boots)
Will    .....        (no amulet)
Stlth   ++           (no ring)
HPRegen 0.22/turn    (no ring)
MPRegen 0.08/turn

%: no passive effects
@: no status effects
A: no striking features
a: no special abilities


You were on level 1 of the Dungeon.
You visited 1 branch of the dungeon, and saw 1 of its levels.


   Skills:
 + Level 0.3 Fighting
 * Level 1.1 Short Blades
 + Level 1.9 Dodging
 + Level 2.7 Stealth
 + Level 2.0 Spellcasting
 + Level 3.0 Hexes


You had 4 spell levels left.
You didn't know any spells.
Your spell library contained the following spells:

 Spells                   Type           Power      Damage    Failure   Level
 Ensorcelled Hibernation  Hex/Ice        12%        N/A       17%         2
 Confusing Touch          Hex            11%        N/A       17%         3
 Tukima's Dance           Hex            11%        N/A       17%         3
 Dazzling Flash           Conj/Hex       12%        N/A       32%         3

Inventory:

Hand Weapons
 a - a +1 dagger (weapon)
Armour
 b - a +0 robe (worn)
Scrolls
 d - a scroll of immolation {unknown}
 e - a scroll of identify {unknown}
Potions
 c - 2 potions of invisibility

Dungeon Overview and Level Annotations

Branches:
Dungeon (1/15) Zot: 5699

Altars:

#.# #.# ..# ..#
# #.# .# # #.#r#
.# .##.#.#g# .#
#..
.......@####.#
#.#
..#.#........#
#.#
#..#.#.......##
#.#
#............#
#.#
#..#.#.####†.#
#.# #......#
#..#
###.#####..#.#.#
#..#
...........#.#.#
#..#
###........#.#.#
#..#


You could see a gnoll and a quokka.


Message History

The endoplasm freezes you.
You are frozen.
You are too injured to fight recklessly! 😮 HP[-4]
You take 4 damage, and now have 9/13 hp.
MASSIVE DAMAGE!! (PAUSE)
You hit the endoplasm. The endoplasm freezes you.
You are frozen. 😮 HP[-1]
You take 1 damage, and now have 8/13 hp.
You hit the endoplasm but do no damage. You hit the endoplasm.
The endoplasm hits you. 😮 HP[-1]
You take 1 damage, and now have 7/13 hp.
You hit the endoplasm. The endoplasm closely misses you.
Unknown command.
You hit the endoplasm.
You kill the endoplasm! 😮 HP[+1]
A frilled lizard comes into view. 😎 HP[+5]
Your hp is fully restored (13).
A frilled lizard is nearby!
A frilled lizard is nearby!
A ball python comes into view.
There are monsters nearby!
The frilled lizard hisses angrily.
You hit the frilled lizard. The frilled lizard closely misses you.
There are monsters nearby!
You hit the frilled lizard.
You kill the frilled lizard!
A ball python is nearby!
A ball python is nearby!
Found a stone staircase leading down.
The helpless ball python fails to defend itself.
You puncture the ball python!
You kill the ball python!
Your Short Blades skill increases to level 1!
A kobold comes into view. It is wielding a +0 short sword.
A kobold is nearby!
A kobold is nearby!
A kobold is nearby!
The helpless kobold fails to defend itself.
You puncture the kobold!
You kill the kobold!
No target in view!
e - a scroll labelled ZESKUECZOO No target in view!
No target in view!
Key pressed, stopping explore.
No target in view!
No target in view!
An endoplasm comes into view.
An endoplasm is nearby!
The endoplasm closely misses you.
You hit the endoplasm but do no damage. The endoplasm freezes you.
You are frozen. 😕 HP[-1]
You take 1 damage, and now have 12/13 hp.
An endoplasm is nearby!
You hit the endoplasm.
The endoplasm hits you but does no damage.
You hit the endoplasm.
The endoplasm hits you but does no damage.
An endoplasm is nearby!
You hit the endoplasm.
You kill the endoplasm!
No target in view!
A dart slug comes into view. 😎 HP[+1]
Your hp is fully restored (13).
A dart slug is nearby!
A dart slug is nearby!
You hit the dart slug. You hit the dart slug.
The dart slug completely misses you.
You hit the dart slug. The dart slug barely misses you.
You hit the dart slug.
You kill the dart slug!
You see here a dart slug corpse.
A gnoll comes into view. It is wielding a +0 spear. 😎 HP[+1]
You now have 14 max hp (+1).
Your hp is fully restored (14).
A gnoll is nearby!
The gnoll shouts!
A quokka comes into view.
The gnoll closely misses you.
There are monsters nearby!
The gnoll hits you with a +0 spear.
You hit the gnoll. The gnoll hits you with a +0 spear!
Ouch! That really hurt!
* * * LOW HITPOINT WARNING * * *
😱 HP[-12]
You take 12 damage, and now have 2/14 hp.
MASSIVE DAMAGE!! (PAUSE)
You hit the gnoll but do no damage. 😱 HP[+1]
You hit the gnoll. The gnoll hits you with a +0 spear.
You die...

Skill      XL: |  1 |
---------------+----+-----
Short Blades   | 1 |  1.1
Fighting       | |  0.3
Dodging        | |  1.9
Stealth        | |  2.7
Spellcasting   | |  2.0
Hexes          | |  3.0

Action                     || total
---------------------------++-------
  Melee: Dagger            ||    21
   Stab: Sleeping          ||     2
 Armour: Robe              ||     6
  Dodge: Dodged            ||     7

Levels and vault maps discovered:
D:1:      dpeg_arrival_concentric_ovals, layout_basic

Notes
Turn   | Place    | Note
-------+----------+-------------------------------------------
     0 | D:1      | kae the Demonspawn Enchanter began the quest for the Orb.
     0 | D:1      | Reached XP level 1. HP: 13/13 MP: 3/3
     0 | D:1      | magus.rc [v1.11.3]
   119 | D:1      | Reached skill level 1 in Short Blades
   299 | D:1      | HP: 2/14 [gnoll/+0 spear (9)]
   301 | D:1      | Slain by a gnoll

Vanquished Creatures
  A dart slug (D:1)
  2 endoplasms (D:1)
  A ball python (D:1)
  A frilled lizard (D:1)
  A kobold (D:1)
6 creatures vanquished.

Table legend:
 A = Non-vault XP
 B = Vault XP
 C = Vault XP percentage of total XP
 D = Non-vault monster count
 E = Vault monster count
 F = Vault count percentage of total count
                 A         B        C        D         E       F
            +---------+---------+-------+---------+---------+-------
      Total |      11 |       0 |   0.0 |       6 |       0 |   0.0
            +---------+---------+-------+---------+---------+-------
        D:1 |      11 |       0 |   0.0 |       6 |       0 |   0.0
            +---------+---------+-------+---------+---------+-------

Skill      XL: |  1 |
---------------+----+-----
Short Blades   | 1 |  1.1
Fighting       | |  0.3
Dodging        | |  1.9
Stealth        | |  2.7
Spellcasting   | |  2.0
Hexes          | |  3.0

Action                     || total
---------------------------++-------
  Melee: Dagger            ||    21
   Stab: Sleeping          ||     2
 Armour: Robe              ||     6
  Dodge: Dodged            ||     7

Illustrated notes

Table legend:
 A = Kills in this place as a percentage of kills in the entire game.
 B = Kills by you in this place as a percentage of kills by you in the entire game.
 C = Kills by friends in this place as a percentage of kills by friends in the entire game.
 D = Other kills in this place as a percentage of other kills in the entire game.
 E = Experience gained in this place as a percentage of experience gained in the entire game.
 F = Experience gained in this place divided by the number of levels of this place that you have seen.
                   A       B       C       D       E      F
               +-------+-------+-------+-------+-------+----------------------
         Total | 100.0 | 100.0 |   N/A |   N/A | 100.0 |  11.0
       Dungeon | 100.0 | 100.0 |   N/A |   N/A | 100.0 |  11.0
               +-------+-------+-------+-------+-------+----------------------

Table legend: (Time is in decaauts)
 A = Elapsed time spent in this place.
 B = Non-inter-level travel time spent in this place.
 C = Inter-level travel time spent in this place.
 D = Time resting spent in this place.
 E = Time spent auto-exploring this place.
 F = Levels seen in this place.
 G = Mean time per level.
                   A        B        C        D        E       F      G
               +--------+--------+--------+--------+--------+-----+--------+
         Total |    299 |    299 |      0 |      0 |    247 |   1 |  299.0 |
       Dungeon |    299 |    299 |      0 |      0 |    247 |   1 |  299.0 |
               +--------+--------+--------+--------+--------+-----+--------+

Top non-repeatable levels by time:
     D:1: 299 daAuts
